 Dungeon Crawl Stone Soup version 0.19-a0-1384-gbb462ca (webtiles) character file.

509 jacquesderrida the Caller (level 6, -2/41 HPs)
             Began as a Demonspawn Summoner on Sept 3, 2016.
             Was an Initiate of Ashenzari.
             Slain by an orc
             ... wielding a +0 war axe
              (9 damage)
             ... on level 9 of the Dungeon.
             The game lasted 00:20:22 (2040 turns).

jacquesderrida the Caller (Demonspawn Summoner)     Turns: 2040, Time: 00:20:23

Health: -2/41      AC:  4    Str:  9    XL:     6   Next: 98%
Magic:  0/11       EV: 11    Int: 18    God:    Ashenzari [......]
Gold:   305        SH:  0    Dex: 13    Spells: 4 memorised, 2 levels left

rFire  . . .     SeeInvis .     u - +4 bardiche (curse)
rCold  . . .     Gourm    .     j - +0 leather armour
rNeg   . . .     Faith    .     (shield currently unavailable)
rPois  .         Spirit   +     i - +0 helmet
rElec  .         Dismiss  .     (no cloak)
rCorr  .         Reflect  .     (no gloves)
MR     +....     Harm     .     (no boots)
Stlth  ++........               (no amulet)
                                (no ring)
                                k - ring of protection from magic

@: very slightly contaminated
A: talons 2, demonic guardian 1, magic shield
a: Curse Item, Renounce Religion


You were on level 9 of the Dungeon.
You worshipped Ashenzari.
Ashenzari was noncommittal.
You were near starving.

You visited 2 branches of the dungeon, and saw 10 of its levels.

You collected 305 gold pieces.

Inventory:

Hand Weapons
 d - a +0 falchion
 n - a +0 flail
 u - a cursed +4 bardiche (weapon)
Missiles
 g - 15 tomahawks (quivered)
Armour
 a - a +0 robe
 i - a +0 helmet (worn)
 j - a +0 leather armour (worn)
Jewellery
 k - a ring of protection from magic (left hand)
 v - an uncursed ring of ice
Wands
 s - a wand of iceblast (10/15)
Scrolls
 e - a scroll of blinking
 f - 2 scrolls of noise
 w - 2 scrolls of remove curse
Potions
 m - a potion of cancellation {unknown}
 q - a potion of brilliance
 r - a potion of lignification
 x - 2 potions of haste
Books
 b - a book of Callings

   Spells                             Type                      Level
   a - Summon Small Mammal            Summoning                    1
   b - Call Imp                       Summoning                    2
   c - Call Canine Familiar           Summoning                    3
   d - Summon Guardian Golem          Hexes/Summoning              3
   e - Summon Lightning Spire         Summoning/Air                4
   f - Summon Ice Beast               Ice/Summoning                4
Comestibles
 c - a bread ration
 h - 4 meat rations
 l - a beef jerky
 o - a royal jelly
 t - 5 fruits


   Skills:
 - Level 1.7 Dodging
 - Level 1.7 Stealth
 + Level 3.8 Spellcasting
 + Level 7.2 Summonings
 + Level 1.6 Ice Magic


You had 2 spell levels left.
You knew the following spells:

 Your Spells              Type           Power        Failure   Level  Hunger
a - Call Imp              Summ           ####....     1%          2    ##.....
b - Summon Ice Beast      Ice/Summ       ###.....     38%         4    ####...
c - Call Canine Familiar  Summ           ####....     3%          3    ###....
d - Summon Small Mammal   Summ           ####         1%          1    None


Dungeon Overview and Level Annotations

Branches:
Dungeon (9/15)             Temple (1/1) D:6
   Lair: D:8-11         Orc: D:9-12

Altars:
Ashenzari
Cheibriados
Dithmenos
Elyvilon
Fedhas
Gozag
Hepliaklqana
Kikubaaqudgha
Makhleb
Okawaru
Qazlal
Ru
Sif Muna
Trog
Uskayaw
Vehumet
Xom
Yredelemnul
Zin
The Shining One

Annotations:
D:7 Dowan


Innate Abilities, Weirdness & Mutations

You have razor-sharp toenails.
A weak demonic guardian rushes to your aid.
When hurt, damage is shared between your health and your magic reserves.


Message History

Your hound bites the orc wizard but does no damage.
The orc hits you with a war axe.
* * * LOW HITPOINT WARNING * * *
The orc wizard barely misses you.
Your hound completely misses the orc wizard.
Unknown command.
Unknown command.
You feel better. The orc wizard closely misses you.
Your hound barely misses the orc wizard.
The orc hits you with a war axe!
* * * LOW HITPOINT WARNING * * *
Unknown command.
You feel better.
The orc wizard points at you and mumbles some strange words.
The magic dart hits you!
* * * LOW HITPOINT WARNING * * *
Your hound bites the orc wizard.
The orc wizard dies!
The orc hits you with a war axe!
You die...

###########
#.)@ooo....
#h####..###
#.# # ...
#..# #..#
#... ....


You could see 3 orcs and a friendly hound.

Vanquished Creatures
  A sky beast (D:7)
  A gnoll sergeant (D:8)
  A hound (D:5)
  2 orc wizards (D:4)
  2 worker ants
  2 hound skeletons
  2 gnolls (D:8)
  An adder (D:5)
  2 adder skeletons
  A dart slug (D:1)
  2 giant geckos
  An orc (D:4)
  A bat (D:2)
  A giant cockroach (D:7)
  3 goblins
  3 giant newts
  A kobold (D:3)
  3 rats (D:3)
30 creatures vanquished.

Vanquished Creatures (collateral kills)
  An ogre (D:7)
  2 giant frogs
  2 centaur skeletons
  An orc wizard (D:9)
  Jessica (D:2)
  A worker ant (D:7)
  4 adders
  A shadow imp (D:6)
  3 worms
  3 dart slugs
  7 orcs
  2 bats (D:1)
  2 giant cockroaches
  A hobgoblin (D:2)
  3 jackals (D:2)
  2 goblins
36 creatures vanquished.

Grand Total: 66 creatures vanquished

Notes
Turn   | Place    | Note
-------+----------+-------------------------------------------
     0 | D:1      | jacquesderrida the Demonspawn Summoner began the quest for the Orb.
     0 | D:1      | Reached XP level 1. HP: 13/13 MP: 3/3
   286 | D:2      | Found a snail-covered altar of Cheibriados.
   308 | D:2      | Gained mutation: A weak demonic guardian rushes to your aid. [demonic ancestry]
   308 | D:2      | Reached XP level 2. HP: 10/19 MP: 0/5
   359 | D:2      | Learned a level 2 spell: Call Imp
   407 | D:2      | Noticed Jessica
   416 | D:2      | Killed Jessica
   463 | D:2      | Found a faded altar of an unknown god.
   508 | D:2      | Reached skill level 5 in Summonings
   535 | D:2      | Gained mutation: When hurt, damage is shared between your health and your magic reserves. [demonic ancestry]
   535 | D:2      | Reached XP level 3. HP: 23/24 MP: 1/6
   613 | D:3      | Learned a level 3 spell: Call Canine Familiar
   830 | D:4      | Found a hide-covered altar of Uskayaw.
   861 | D:4      | Reached XP level 4. HP: 28/30 MP: 2/7
   932 | D:4      | Found a shimmering altar of Xom.
   937 | D:4      | Found a basalt altar of Yredelemnul.
  1133 | D:5      | Entered Level 5 of the Dungeon
  1139 | D:5      | Gained mutation: You have sharp toenails. [demonic ancestry]
  1139 | D:5      | Reached XP level 5. HP: 27/35 MP: 3/9
  1159 | D:5      | Reached skill level 6 in Summonings
  1449 | D:6      | Learned a level 4 spell: Summon Ice Beast
  1482 | D:6      | Noticed an ogre
  1487 | D:6      | Gained mutation: You have razor-sharp toenails. [demonic ancestry]
  1487 | D:6      | Reached XP level 6. HP: 39/41 MP: 6/11
  1546 | D:6      | Found a staircase to the Ecumenical Temple.
  1558 | Temple   | Entered the Ecumenical Temple
  1594 | Temple   | Became a worshipper of Ashenzari the Shackled
  1670 | D:7      | Found a shadowy altar of Dithmenos.
  1674 | D:7      | Noticed a sky beast
  1702 | D:7      | Killed a sky beast
  1702 | D:7      | Reached skill level 1 in Ice Magic
  1761 | D:7      | Reached skill level 7 in Summonings
  1795 | D:7      | Noticed Dowan
  2007 | D:8      | Noticed an ice beast
  2040 | D:9      | Slain by an orc

Vault maps used:
D:1:      minmay_arrival_three_doors, nrook_mini_vaults
D:2:      nicolae_overflow_hidden_temple, kennysheep_slug_shrine,
          ecumenical_altar_2, uniq_jessica
D:3:      first_bread, minmay_ogre_servants
D:4:      minmay_wonky_spiral, eat_drink_and_be_merry_uskayaw, minitemple,
          uniq_eustachio
D:5:      kennysheep_six_static_rooms, grunt_decor_one_mirror,
          uniq_crazy_yiuf_cottage
D:7:      nicolae_dithmenos_shadow_blocks, uniq_duvessa, uniq_joseph
D:8:      the_bakery
D:9:      grunt_lair_entry_orc_guard_hut, orc_0_dummy
Temple:   nicolae_temple_x_marks_the_god

Skill      XL: |  1  2  3  4  5  6 |
---------------+-------------------+-----
Summonings     | 5 6 7 |  7.2
Spellcasting   | 3 |  3.8
Ice Magic      | 1 |  1.6
Dodging        | |  1.7
Stealth        | |  1.7

Action                   |  1- 3 |  4- 6 || total
-------------------------+-------+-------++-------
Melee: Whip              |    26 |       ||    26
       Club              |     3 |       ||     3
       Falchion          |     9 |       ||     9
       Bardiche          |     3 |    51 ||    54
       Kick              |       |     4 ||     4
 Cast: Summon Small Mamm |    18 |       ||    18
       Call Imp          |    11 |     5 ||    16
       Call Canine Famil |     3 |    17 ||    20
Invok: Curse Item        |       |     1 ||     1
Evoke: Wand              |       |     1 ||     1
  Use: Scroll            |       |    12 ||    12
       Potion            |       |     2 ||     2
 Stab: Sleeping          |       |     1 ||     1
  Eat: Chunk             |     1 |     5 ||     6
Armor: Robe              |     4 |       ||     4
       Leather armour    |     6 |     9 ||    15
Dodge: Dodged            |    27 |    27 ||    54
